 Dungeon Crawl Stone Soup version 0.28.0-45-g0d030f2227 (webtiles) character file.

Game seed: 5268100998561181678

2260 McKennaii the Skirmisher (level 9, -2/74 HPs)
             Began as a Demonspawn Fighter on Apr 6, 2022.
             Slain by an orc knight
             ... wielding a +0 war axe
              (14 damage)
             ... in a bailey.
             The game lasted 00:10:40 (7995 turns).

McKennaii the Skirmisher (Demonspawn Fighter)       Turns: 7995, Time: 00:10:40

Health: -2/74      AC: 12    Str: 20    XL:     9   Next: 15%
Magic:  9/9        EV:  9    Int: 21    God:
Gold:   410        SH:  5    Dex: 14    Spells: 8/8 levels left

rFire   . . .      SeeInvis .   B - +0 trident (flame)
rCold   . . .      Faith    .   c - +0 buckler
rNeg    . . .      Spirit   .   b - +0 scale mail
rPois   .          Reflect  .   h - +0 helmet
rElec   .          Harm     .   (no cloak)
rCorr   .          Rampage  .   (no gloves)
Will    .....                   v - +0 pair of boots
Stlth   ..........              (no amulet)
HPRegen 0.22/turn               n - +6 ring of intelligence
MPRegen 0.11/turn               t - +6 ring of intelligence

@: mighty
A: rugged brown scales 2, powered by pain 1, spiny 3
a: no special abilities


You were in a bailey.
You visited 2 branches of the dungeon, and saw 9 of its levels.
You also visited: Bailey.

You collected 410 gold pieces.

Inventory:

Hand Weapons
 B - a +0 trident of flaming (weapon)
 E - the +5 mace of Qufroi {vorpal, rF+ rC+ rN+ Str+4}
   (You found it on level 7 of the Dungeon)

   It inflicts extra damage upon your enemies.
   Str:       It affects your strength (+4).
   rF:        It protects you from fire.
   rC:        It protects you from cold.
   rN:        It protects you from negative energy.
Armour
 b - a +0 scale mail (worn)
 c - a +0 buckler (worn)
 h - a +0 helmet (worn)
 v - a +0 pair of boots (worn)
Jewellery
 n - a +6 ring of intelligence (left hand)
 t - a +6 ring of intelligence (right hand)
 y - a ring of wizardry
Wands
 o - a wand of charming (7)
 u - a wand of flame (46)
Scrolls
 f - 2 scrolls of identify {unknown}
 g - 6 scrolls of enchant weapon {unknown}
 i - a scroll of fog {unknown}
 j - 2 scrolls of magic mapping {unknown}
 r - a scroll of noise {unknown}
 s - 2 scrolls of teleportation {unknown}
 w - a scroll of amnesia {unknown}
 z - a scroll of silence {unknown}
Potions
 a - a potion of heal wounds {unknown}
 d - a potion of might
 e - 2 potions of brilliance {unknown}
 k - a potion of haste
 l - a potion of experience {unknown}
 m - 3 potions of degeneration {unknown}
 p - a potion of magic {unknown}
 x - 2 potions of ambrosia {unknown}
 A - a potion of flight {unknown}
 C - a potion of resistance {unknown}
 D - a potion of attraction {unknown}


   Skills:
 + Level 6.8 Fighting
 + Level 5.7 Polearms
 + Level 6.2 Armour
 + Level 6.2 Shields


You had 8 spell levels left.
You didn't know any spells.
Your spell library contained the following spells:

 Spells                   Type           Power      Damage    Failure   Level
 Beastly Appendage        Tmut           0%         N/A       52%         1
 Wereblood                Tmut           0%         N/A       65%         2
 Call Canine Familiar     Summ           0%         N/A       87%         3
 Portal Projectile        Hex/Tloc       0%         N/A       87%         3
 Spider Form              Tmut/Pois      0%         N/A       87%         3
 Leda's Liquefaction      Hex/Erth       0%         N/A       99%         4


Dungeon Overview and Level Annotations

Branches:
Dungeon (8/15)             Temple (1/1) D:6          Bailey (1/1)
   Lair: D:8-11

Altars:
Ashenzari
Cheibriados
Dithmenos
Elyvilon
Fedhas
Gozag
Hepliaklqana
Makhleb
Nemelex Xobeh
Qazlal
Ru
Sif Muna
Trog
Uskayaw
Vehumet
Wu Jian
Zin
The Shining One
Jiyva

Shops:
D:6 :


Innate Abilities, Weirdness & Mutations

You are mostly covered in rugged brown scales. (AC +2, +5% HP)
You sometimes gain a little power by taking damage.
You are completely covered in sharp spines.


Message History

Press: ? - help, Shift-Dir - straight line The mass of ice explodes!
The iceblast engulfs the orc knight.
The orc knight is moderately wounded.
The iceblast engulfs the orc!
You kill the orc!
The now-empty wand crumbles to dust.
A gnoll comes into view. It is wielding a +0 hand axe.
Unknown command.
Unknown command.
You reach to attack!
You hit the orc knight but do no damage.
The orc knight is moderately wounded.
You hit the orc knight. You burn the orc knight.
The orc knight is heavily wounded.
The orc knight hits you with a +0 war axe!
You closely miss the orc knight.
The orc knight is heavily wounded.
The orc knight hits you with a +0 war axe!!
You focus on the pain.
You feel very mighty all of a sudden.
You hit the orc knight but do no damage.
The orc knight is heavily wounded.
You block the orc knight's attack.
You hit the orc knight. You burn the orc knight.
The orc knight is heavily wounded.
The orc knight is struck by your spines.
The orc knight hits you with a +0 war axe!
You barely miss the orc knight.
The orc knight is severely wounded.
The orc knight closely misses you. The gnoll hits you with a +0 hand axe.
You hit the orc knight. You burn the orc knight.
The orc knight is severely wounded.
The orc knight hits you with a +0 war axe!
* * * LOW HITPOINT WARNING * * *
The gnoll hits you with a +0 hand axe.
* * * LOW HITPOINT WARNING * * *
You puncture the orc knight! You burn the orc knight.
The orc knight is almost dead.
The orc knight hits you with a +0 war axe!
You die...

##.......##
#.......#
##..g..##
♣♣##')'##♣
♣...)))..♣
♣♣♣.......♣♣♣
♣.....∩.....♣
♣♣...og....♣♣
♣....@∩.....♣
♣♣.........♣♣
♣♣♣.......♣
♣♣♣♣♣.♣♣♣ ♣♣


You could see an orc knight, a gnoll and a goblin.

Vanquished Creatures
  Pikel (D:6)
  A sky beast (D:6)
  A black bear (D:6)
  An orc warrior (Bailey)
  2 ice beasts
  An ogre (D:6)
  A necrophage (D:7)
  2 centaurs
  A kobold brigand (D:7)
  2 scorpions
  A water moccasin skeleton (D:4)
  A bullfrog zombie (D:5)
  5 hounds
  3 orc priests (D:6)
  Ijyb (D:6)
  2 iguanas
  An orc wizard (D:5)
  Robin (D:2)
  19 gnolls
  6 adders
  2 white imps
  An ufetubus (D:5)
  4 dart slugs
  5 worms
  12 orcs
  16 ball pythons
  14 bats
  9 endoplasms
  3 giant cockroaches
  15 hobgoblins
  7 kobolds
  3 quokkas
  4 frilled lizards
  10 goblins
  3 rats (D:3)
161 creatures vanquished.

Notes
Turn   | Place    | Note
-------+----------+-------------------------------------------
     0 | D:1      | McKennaii the Demonspawn Fighter began the quest for the
                  | Orb.
     0 | D:1      | Reached XP level 1. HP: 18/18 MP: 1/1
   146 | D:1      | Gained mutation: You sometimes gain a little power by
                  | taking damage. [demonic ancestry]
   146 | D:1      | Reached XP level 2. HP: 11/24 MP: 2/2
   581 | D:1      | Gained mutation: You are partially covered in sharp spines.
                  | [demonic ancestry]
   581 | D:1      | Reached XP level 3. HP: 29/29 MP: 3/3
   849 | D:1      | Found a faded altar of an unknown god.
  1500 | D:2      | Found a stormy altar of Qazlal.
  1517 | D:2      | Noticed Robin
  1553 | D:1      | Reached XP level 4. HP: 14/35 MP: 4/4
  1769 | D:2      | Killed Robin
  1982 | D:2      | Gained mutation: You are partially covered in rugged brown
                  | scales. (AC +1, +3% HP) [demonic ancestry]
  1982 | D:2      | Reached XP level 5. HP: 28/43 MP: 5/5
  2761 | D:2      | HP: 1/43 [gnoll/+0 halberd (7)]
  3535 | D:3      | Gained mutation: You are mostly covered in sharp spines.
                  | [demonic ancestry]
  3535 | D:3      | Reached XP level 6. HP: 48/49 MP: 6/6
  3630 | D:3      | Found a broken altar of Ashenzari.
  4028 | D:4      | You fall into a shaft and drop 3 floors!
  4194 | D:6      | Noticed an ice beast
  4194 | D:6      | Found a snail-covered altar of Cheibriados.
  4197 | D:6      | Killed an ice beast
  4227 | D:6      | Gained mutation: You are mostly covered in rugged brown
                  | scales. (AC +2, +5% HP) [demonic ancestry]
  4227 | D:6      | Reached XP level 7. HP: 49/57 MP: 7/7
  4288 | D:6      | Noticed Pikel
  4312 | D:6      | Killed Pikel
  4313 | D:6      | Reached skill level 5 in Fighting
  4313 | D:6      | Reached skill level 5 in Armour
  4313 | D:6      | Gained mutation: You are completely covered in sharp
                  | spines. [demonic ancestry]
  4313 | D:6      | Reached XP level 8. HP: 7/66 MP: 8/8
  4666 | D:6      | Reached skill level 5 in Shields
  4782 | D:5      | Entered Level 5 of the Dungeon
  4782 | D:5      | Noticed Ijyb
  4859 | D:6      | Killed Ijyb
  4888 | D:6      | Found an ornate altar of the Wu Jian Council.
  5011 | D:5      | Found a radiant altar of Vehumet.
  5128 | D:5      | Reached skill level 5 in Polearms
  6395 | D:6      | Found Meveon's Book Emporium.
  6514 | D:6      | Found a burning altar of Makhleb.
  6537 | D:6      | Found a staircase to the Ecumenical Temple.
  6768 | Temple   | Entered the Ecumenical Temple
  7133 | D:7      | Found an opulent altar of Gozag.
  7452 | D:7      | Reached XP level 9. HP: 68/74 MP: 9/9
  7762 | D:7      | Identified the +5 mace of Qufroi {vorpal, rF+ rC+ rN+
                  | Str+4}
  7895 | D:8      | Found a flagged portal.
  7903 | Bailey   | Entered a bailey
  7968 | Bailey   | Noticed an orc knight
  7995 | Bailey   | Slain by an orc knight

Illustrated notes

Levels and vault maps discovered:
D:1:      nicolae_arrival_washed_ashore, layout_loops_ring,
          nicolae_ecumenical_snake_handling
D:2:      layout_loops_cross, basic_altar, minmay_bisected, uniq_robin
D:3:      layout_loops_ring, ashenzari_altar_1, grunt_ministairs_11
D:4:      layout_loops_cross, minivault_27, roderic_batcave
D:5:      layout_loops_ring, mainiacjoe_overflow_surrounded_room,
          mainiacjoe_overflow_six_doors_small, uniq_ijyb
D:6:      layout_loops_ring, slow_altar_1, overflow_temple_1_default,
          mainiacjoe_overflow_tiny_flanked, minmay_temple_entry_mist,
          serial_shops, shop, chequers_serial_rivers_micro_d, uniq_pikel
D:7:      layout_loops_ring, mainiacjoe_overflow_catwalk, serial_glass,
          glass_columns_b, glass_columns_a, serial_bayou_pond_a
D:8:      layout_loops_ring, nicolae_overflow_hidden_temple, enter_bailey_2,
          ebering_ghost_gozag, minmay_manual_moon, uniq_grum,
          uniq_prince_ribbit1, uniq_psyche, uniq_maggie
Temple:   pf_slime_end_temple
Bailey:   bailey_axe_minmay_hex_keep, bailey

Skill      XL: |  1  2  3  4  5  6  7  8 |
---------------+-------------------------+-----
Polearms       | 2 3 4 5 |  5.7
Armour         | 3 4 5 6 |  6.2
Shields        | 3 4 6 |  6.2
Fighting       | 4 5 6 |  6.8

Action                   |  1- 3 |  4- 6 |  7- 9 || total
-------------------------+-------+-------+-------++-------
Melee: Trident           |   107 |   180 |   199 ||   486
Evoke: Wand              |       |       |     4 ||     4
Armor: Scale mail        |    31 |    44 |    56 ||   131
Dodge: Dodged            |    24 |    54 |    51 ||   129
Block: Buckler           |    17 |    34 |    44 ||    95
